 Dungeon Crawl Stone Soup version 0.29.1-1-gd02db6906a (webtiles) character file.

Game seed: 4541330222300817598

23 SINSOJ the Cudgeller (level 3, -3/20 HPs)
             Began as a Vine Stalker Berserker on Oct 19, 2022.
             Was a Follower of Trog.
             Slain by Natasha (6 damage)
             ... on level 2 of the Dungeon.
             The game lasted 00:02:40 (2121 turns).

SINSOJ the Cudgeller (Vine Stalker Berserker)       Turns: 2121, Time: 00:02:41

Health: -3/20      AC:  2    Str: 21    XL:     3   Next: 0%
Magic:  0/4        EV: 12    Int:  7    God:    Trog [*.....]
Gold:   75         SH:  0    Dex: 13    Spells: 2/2 levels left

rFire   . . .      SeeInvis .   a - +0 mace
rCold   . . .      Faith    .   (no shield)
rNeg    . . .      Spirit   +   b - +0 animal skin
rPois   .          Reflect  .   (no helmet)
rElec   .          Harm     .   (no cloak)
rCorr   .          Rampage  .   (no gloves)
Will    .....                   (no boots)
Stlth   +.........              (no amulet)
HPRegen 0.06/turn               (no ring)
MPRegen 0.09/turn               (no ring)

@: no status effects
A: fangs 2, magic shield, antimagic bite, no potion heal 2
a: Renounce Religion, Berserk


You were on level 2 of the Dungeon.
You worshipped Trog.
Trog was aware of your devotion.
You visited 1 branch of the dungeon, and saw 2 of its levels.

You collected 75 gold pieces.

Inventory:

Hand Weapons
 a - a +0 mace (weapon)
Armour
 b - a +0 animal skin (worn)
Scrolls
 d - 2 scrolls of enchant armour {unknown}
 e - a scroll of immolation {unknown}
 f - a scroll of amnesia {unknown}
 h - a scroll of enchant weapon {unknown}
Potions
 c - 2 potions of mutation {unknown}
 g - 2 potions of degeneration {unknown}


   Skills:
 + Level 3.1 Fighting
 + Level 3.2 Maces & Flails
 + Level 1.6 Armour
 + Level 1.8 Dodging


You had 2 spell levels left.
You didn't know any spells.
Your spell library was empty.

Dungeon Overview and Level Annotations

Branches:
Dungeon (2/15)

Altars:

Annotations:
D:2 Natasha


Innate Abilities, Weirdness & Mutations

You have extremely sharp teeth.
When hurt, damage is shared between your health and your magic reserves.
Your bite disrupts and absorbs the magic of your enemies.
Potions cannot restore your health.


Message History

You feel stronger. x2
Unknown command.
Things that are here:
a ball python skeleton; a ball python skeleton
There is a faded altar of an unknown god here.
h - a scroll labelled TIMIFA YNUS
d - 2 scrolls labelled GAUCREA NOGOPH (gained 1)
c - 2 lumpy brown potions (gained 1)
g - 2 fizzy yellow potions (gained 1)
You now have 75 gold pieces (gained 8).
Found a dagger.
A hobgoblin comes into view.
Found a scroll labelled ANKEINT ECSI.
Found a stone staircase leading down.
You see here 7 gold pieces.
A hobgoblin is nearby!
A hobgoblin is nearby!
A hobgoblin is nearby!
The hobgoblin shouts!
You hear an angry hiss.
Natasha, Servant of Life and Death comes into view.
A frilled lizard comes into view.
Natasha claws you.
The frilled lizard hisses angrily.
You thump Natasha!
Natasha is heavily wounded.
The hobgoblin hits you.
A ball python zombie comes into view.
Natasha claws you.
You completely miss the hobgoblin. Your bite misses the hobgoblin.
The hobgoblin closely misses you. Natasha closely misses you.
You hit the hobgoblin. You bite the hobgoblin. You drain its power.
You feel invigorated.
The hobgoblin is moderately wounded.
The hobgoblin barely misses you. Natasha claws you!
* * * LOW HITPOINT WARNING * * *
You hit the hobgoblin but do no damage. Your bite misses the hobgoblin.
The hobgoblin is moderately wounded.
The hobgoblin hits you.
* * * LOW HITPOINT WARNING * * *
Natasha claws you!
You die...

...##..... .....
#.)#.... ..... #.#!..#
#..... .. #.....#
...... .# #....##......
. #....#.......
############.$.........
#..............hl......
#.###..........@g#.....
#.# #.......#PP........
##.#
##.######..P.######
#..####.# ##..##
..#.....# ..##
.......##.. ####
........P.# ........P##
.....P.P...


You could see Natasha, a hobgoblin and a frilled lizard.

Vanquished Creatures
  A dart slug (D:1)
  A bat (D:1)
  2 endoplasms (D:1)
  A giant cockroach (D:1)
  A goblin (D:1)
  A quokka (D:1)
  8 ball pythons
  2 kobolds (D:1)
  3 rats (D:1)
20 creatures vanquished.

Notes
Turn   | Place    | Note
-------+----------+-------------------------------------------
     0 | D:1      | SINSOJ the Vine Stalker Berserker began the quest for the
                  | Orb.
     0 | D:1      | Reached XP level 1. HP: 11/11 MP: 2/2
   747 | D:1      | Reached XP level 2. HP: 15/16 MP: 3/3
  1659 | D:2      | Found a faded altar of an unknown god.
  2036 | D:2      | Reached XP level 3. HP: 20/20 MP: 4/4
  2114 | D:2      | Noticed Natasha
  2121 | D:2      | Slain by Natasha

Illustrated notes

Levels and vault maps discovered:
D:1:      minmay_arrival_open_corners, layout_loops_corners
D:2:      layout_rooms, serial_undead, serial_undead_a, serial_undead_d,
          serial_undead_b, serial_undead_f, serial_undead_a, serial_undead_e,
          serial_undead_e, serial_undead_f, nicolae_ecumenical_snake_handling,
          eino_curves_03, uniq_crazy_yiuf_cottage, uniq_natasha, uniq_jessica

Skill      XL: |  1  2 |
---------------+-------+-----
Maces & Flails | 3 |  3.2
Fighting       | 3 |  3.1
Armour         | |  1.6
Dodging        | |  1.8

Action                   || total
-------------------------++-------
Melee: Mace              ||    53
       Bite              ||     9
Invok: Berserk           ||     1
Armor: Animal skin       ||    18
Dodge: Dodged            ||    47
